 Dungeon Crawl Stone Soup version 0.30-a0-777-ga9a30cbeda (webtiles) character file.

Game seed: 4228712242255276428

233 dolemite99 the Chopper (level 6, -7/51 HPs)
             Began as a Hill Orc Monk on Feb 14, 2023.
             Was a Believer of Uskayaw.
             Mangled by a gnoll bouda
             ... wielding a +0 whip
              (8 damage)
             ... on level 4 of the Dungeon.
             The game lasted 00:06:31 (3968 turns).

dolemite99 the Chopper (Hill Orc Monk)              Turns: 3968, Time: 00:06:32

Health: -7/51      AC:  6    Str: 14    XL:     6   Next: 4%
Magic:  5/5        EV:  9    Int: 10    God:    Uskayaw [**....]
Gold:   239        SH:  0    Dex: 13    Spells: 5/5 levels left

rFire   + . .      SeeInvis +    b - +0 flail
rCold   . . .      Faith    .    n - orb {light}
rNeg    . . .      Spirit   .    d - +0 scale mail
rPois   .          Reflect  .    (no helmet)
rElec   .          Harm     .    (no cloak)
rCorr   .          Rampage  .    (no gloves)
Will    .....                    (no boots) Stlth
                                 (no amulet)
HPRegen 0.28/turn                (no ring)
MPRegen 0.09/turn                (no ring)

@: weakened, hasted, glowing, very quick
A: see invisible, fire resistance 1, low MP 1, weak 1
a: Renounce Religion, Stomp, Line Pass


You were on level 4 of the Dungeon.
You worshipped Uskayaw.
Uskayaw was noncommittal.
You visited 1 branch of the dungeon, and saw 4 of its levels.

You collected 239 gold pieces.

Inventory:

Hand Weapons
 a - a +0 hand axe
 b - a +0 flail (weapon)
Missiles
 e - a throwing net (quivered)
Armour
 d - a +0 scale mail (worn)
 f - a +0 leather armour
 g - a +0 ring mail
 n - an orb of light (worn)
 r - a +0 robe
Jewellery
 u - a ring of wizardry
 v - a +6 ring of dexterity
Scrolls
 i - a scroll of teleportation {unknown}
 j - a scroll of enchant armour {unknown}
 k - a scroll of fear {unknown}
 l - 3 scrolls of immolation
 w - a scroll of identify {@r1}
Potions
 c - 3 potions of ambrosia
 h - 2 potions of brilliance {unknown}
 o - a potion of lignification {unknown}
 p - a potion of might {unknown}
 s - a potion of attraction {unknown}
 t - a potion of heal wounds {unknown}


   Skills:
 - Level 3.6 Fighting
 - Level 7.9(8.2) Axes
 + Level 2.6(4.9) Maces & Flails
 - Level 2.4 Dodging
 - Level 1.5 Stealth


You had 5 spell levels left.
You didn't know any spells.
Your spell library contained the following spells:

 Spells                   Type           Power      Damage    Failure   Level
 Apportation              Tloc           0%         N/A       86%         1
 Scorch                   Fire           0%         2d5       95%         2
 Flame Wave               Conj/Fire      0%         2d4       100%        4
 Alistair's Intoxication  Tmut/Pois      0%         N/A       100%        5
 Summon Cactus Giant      Summ           0%         N/A       100%        6


Dungeon Overview and Level Annotations

Branches:
Dungeon (4/15)
 Temple: D:4-7

Altars:
Uskayaw


Innate Abilities, Weirdness & Mutations

You have supernaturally acute eyesight. (SInv)
Your flesh is heat resistant. (rF+)
Your magical capacity is low. (-10% MP)
You are weak. (Str -2)


Message History

The gnoll hits you with a +0 whip.
You hit the gnoll.
The gnoll is heavily wounded.
The gnoll hits you from afar with a +0 spear.
The gnoll hits you with a +0 whip.
You barely miss the gnoll.
The gnoll is heavily wounded.
The gnoll hits you but does no damage.
You hit the gnoll.
The gnoll is severely wounded.
The gnoll is no longer moving quickly.
The gnoll misses you.
You hit the gnoll but do no damage.
The gnoll is severely wounded.
The gnoll closely misses you. The gnoll barely misses you.
The gnoll bouda barks out a call to the hunt!
The gnoll picks up the pace!
You sock the gnoll!
You kill the gnoll!
The gnoll hits you but does no damage.
Things that are here:
a +0 whip; a gnoll corpse You hit the gnoll bouda.
The gnoll bouda is severely wounded.
The gnoll hits you from afar with a +0 spear.
You can now pass through a line of other dancers.
You hit the gnoll bouda.
The gnoll bouda is almost dead.
The gnoll closely misses you.
The gnoll bouda gazes fiercely through you!
You feel your attacks grow feeble.
The gnoll bouda hits you with a +0 whip!
* * * LOW HITPOINT WARNING * * *
You hit the gnoll bouda but do no damage.
The gnoll bouda is almost dead.
You completely miss the gnoll bouda.
The gnoll bouda is almost dead.
The gnoll hits you from afar with a +0 spear.
* * * LOW HITPOINT WARNING * * *
The gnoll bouda hits you with a +0 whip!
You die...

## #.. #.# #.# #.#
######.#####
...........###########
...
######...#..gg@........
K. ..
......)g###.###########
...... ######...#.##
#.#... ##.#.## #.#...
#.#.################.#^##
#.#.)...))......)......##
..#.##############.....##
#####.# ##.....## #.o...#
#........


You could see a gnoll bouda and a gnoll (swift).

Vanquished Creatures
  A hound (D:3)
  2 orc priests
  3 adders
  3 gnolls
  10 orcs
  3 ball pythons
  9 bats
  7 endoplasms
  2 giant cockroaches
  10 goblins
  7 hobgoblins
  8 kobolds
  2 quokkas (D:2)
  5 frilled lizards
  8 rats
80 creatures vanquished.

Vanquished Creatures (others)
  3 plants (D:4)
3 creatures vanquished.

Grand Total: 83 creatures vanquished

Notes
Turn   | Place    | Note
-------+----------+-------------------------------------------
     0 | D:1      | dolemite99 the Hill Orc Monk began the quest for the Orb.
     0 | D:1      | Reached XP level 1. HP: 19/19 MP: 1/1
   184 | D:1      | Reached XP level 2. HP: 26/26 MP: 2/2
   234 | D:1      | Found a faded altar of an unknown god.
   244 | D:1      | Prayed at the altar of an unknown god.
   244 | D:1      | Became a worshipper of Uskayaw the Reveller
   244 | D:1      | Reached * piety under Uskayaw
   244 | D:1      | Reached ** piety under Uskayaw
   739 | D:2      | Reached skill level 5 in Axes
   881 | D:2      | Gained mutation: Your flesh is heat resistant. (rF+)
                  | [potion of mutation]
   881 | D:2      | Gained mutation: You are weak. (Str -2) [potion of
                  | mutation]
   881 | D:2      | Gained mutation: Your magical capacity is low. (-10% MP)
                  | [potion of mutation]
   881 | D:2      | Gained mutation: You have supernaturally acute eyesight.
                  | (SInv) [potion of mutation]
   881 | D:2      | HP: 1/26 [adder (2)]
   886 | D:2      | Reached XP level 3. HP: 12/31 MP: 2/2
  1245 | D:2      | Reached skill level 6 in Axes
  1263 | D:2      | Reached *** piety under Uskayaw
  1628 | D:3      | Reached XP level 4. HP: 39/39 MP: 3/3
  2393 | D:2      | Reached skill level 7 in Axes
  2393 | D:2      | Reached XP level 5. HP: 8/45 MP: 4/4
  3220 | D:3      | Reached skill level 1 in Maces & Flails
  3930 | D:4      | Reached XP level 6. HP: 51/51 MP: 5/5
  3968 | D:4      | HP: 1/51 [gnoll/+0 spear[a gnoll bouda] (6)]
  3968 | D:4      | Mangled by a gnoll bouda

Illustrated notes

Levels and vault maps discovered:
D:1:      lightli_arrival_lavapool, layout_loops_ring,
          shapermc_ecumenical_altar_pompeii
D:2:      cheibrodos_greedy_goblins, layout_basic
D:3:      layout_basic
D:4:      layout_loops_ring, fedhas_altar_1, amcnicky_altar_gilded

Skill      XL: |  1  2  3  4  5 |
---------------+----------------+-----
Axes           | 5 6 7 |  7.9
Maces & Flails | 2 |  2.6
Fighting       | |  3.6
Dodging        | |  2.4
Stealth        | |  1.5

Action                     |  1- 3 |  4- 6 || total
---------------------------+-------+-------++-------
  Melee: Hand axe          |   140 |    87 ||   227
         Punch             |     1 |       ||     1
         Flail             |       |    59 ||    59
    Use: Potion            |     2 |     3 ||     5
         Scroll            |       |     5 ||     5
   Stab: Sleeping          |     1 |       ||     1
         Paralysed         |     2 |     1 ||     3
 Armour: Robe              |     5 |       ||     5
         Leather armour    |    10 |       ||    10
         Ring mail         |    37 |    29 ||    66
         Scale mail        |       |    33 ||    33
  Dodge: Dodged            |    90 |    90 ||   180

Table legend: (Time is in decaauts)
 A = Elapsed time spent in this place.
 B = Non-inter-level travel time spent in this place.
 C = Inter-level travel time spent in this place.
 D = Time resting spent in this place.
 E = Time spent auto-exploring this place.
 F = Levels seen in this place.
 G = Mean time per level.
                   A        B        C        D        E       F      G
               +--------+--------+--------+--------+--------+-----+--------+
         Total |   3970 |   3802 |    168 |   1045 |   1819 |   4 |  992.5 |
       Dungeon |   3970 |   3802 |    168 |   1045 |   1819 |   4 |  992.5 |
               +--------+--------+--------+--------+--------+-----+--------+

Top non-repeatable levels by time:
     D:2: 1763 daAuts
     D:3: 1275 daAuts
     D:1: 664 daAuts
     D:4: 267 daAuts
